 Dungeon Crawl Stone Soup version 0.27-a0-1545-g3eddc1d3d3 (webtiles) character file.

Game seed: 1079616151060832247

3746 Kinoniko the Cleaver (level 9, -1/103 HPs)
             Began as a Palentonga Berserker on July 13, 2021.
             Was an Elder of Trog.
             Succumbed to a hornet's poison
             ... on level 7 of the Dungeon.
             The game lasted 00:06:45 (6977 turns).

Kinoniko the Cleaver (Palentonga Berserker)         Turns: 6977, Time: 00:06:46

Health: -1/103     AC: 10    Str: 23    XL:     9   Next: 93%
Magic:  6/6        EV:  6    Int:  7    God:    Trog [****..]
Gold:   210        SH:  0    Dex: 15    Spells: 8/8 levels left

rFire    . . .     SeeInvis +   d - +8 Wrath of Trog {antimagic, *Rage Rampage}
rCold    . . .     Faith    .   (shield currently unavailable)
rNeg     . . .     Spirit   .   w - +0 chain mail
rPois    .         Reflect  .   o - +1 helmet
rElec    +         Harm     .   j - +0 cloak
rCorr    +         Rampage  +   (no gloves)
Will     .....     Rnd*Rage +   (no barding)
Stlth    ..........             (no amulet)
HPRegen  0.27/turn              s - ring of Midwinter {rElec rCorr MP+9 Dex+4}
MPRegen  0.10/turn              (no ring)

@: berserking (expiring), lethally poisoned (-1 -> -16), slowed
A: large, rugged brown scales 3, see invisible, deformed body, roll 1, armoured
tail, reflexive curl
a: Rolling Charge, Renounce Religion, Berserk, Trog's Hand, Brothers in Arms


You were on level 7 of the Dungeon.
You worshipped Trog.
Trog was greatly pleased with you.
You visited 1 branch of the dungeon, and saw 7 of its levels.

You collected 210 gold pieces.

Inventory:

Hand Weapons
 a - a +0 hand axe
 d - the +8 Wrath of Trog (weapon) {antimagic, *Rage Rampage}
   (You acquired it on level 3 of the Dungeon)

   It reduces the magical energy of the wielder, and disrupts the spells and
   magical abilities of those hit.
   Natural abilities and divine invocations are not affected.
   It causes slowness and exhaustion when equipped.
   It extends the wielder's berserk rage when killing foes.
   *Rage:     It may make you go berserk in combat.
   Rampage:   It bestows one free step when moving towards enemies.
Missiles
 x - 3 throwing nets
Armour
 h - a +0 ring mail
 i - a +1 hat
 j - a +0 cloak (worn)
 o - a +1 helmet (worn)
 w - a +0 chain mail (worn)
Jewellery
 s - the ring of Midwinter (left hand) {rElec rCorr MP+9 Dex+4}
   (You acquired it on level 6 of the Dungeon)

   [ring of magical power]

   Dex:       It affects your dexterity (+4).
   rElec:     It insulates you from electricity.
   MP:        It affects your magic capacity (+9).
   rCorr:     It protects you from acid and corrosion.
Scrolls
 k - a scroll of noise
 l - a scroll of immolation
 m - a scroll of brand weapon
 p - a scroll of fog {unknown}
 r - a scroll of teleportation
 t - a scroll of identify
Potions
 b - 2 potions of flight
 c - a potion of haste {unknown}
 e - a potion of heal wounds {unknown}
 f - a potion of resistance {unknown}
 g - a potion of berserk rage
 n - 3 potions of attraction
 q - 2 potions of curing {unknown}
 u - a potion of mutation {unknown}
 v - a potion of invisibility {unknown}


   Skills:
 + Level 4.1 Fighting
 * Level 13.7 Axes
 - Level 1.5 Armour
 - Level 1.5 Dodging


You had 8 spell levels left.
You didn't know any spells.
Your spell library was empty.

Dungeon Overview and Level Annotations

Branches:
Dungeon (7/15)             Temple (0/1) D:4

Altars:
Dithmenos
Okawaru

Shops:
D:4 *


Innate Abilities, Weirdness & Mutations

You are completely covered in rugged brown scales. (AC +3, +7% HP)
You have supernaturally acute eyesight. (SInv)
Armour fits poorly on your strangely shaped body.
You can roll at nearby foes to attack.
You have a long armoured tail.
You curl defensively after being hit.


Message History

You feel very sick. The hornet stings you.
You suddenly lose the ability to move!
The hornet stings you!
You feel as though you will be slow longer.
You can move again.
You closely miss the hornet.
The hornet is severely wounded.
You feel very sick. The hornet barely misses you.
Unknown command.
You slash the hornet!
The hornet is almost dead.
You feel very sick.
The hornet stings you but does no damage.
The hornet stings you!
* * * LOW HITPOINT WARNING * * *
You are more poisoned.
You feel as though you will be slow longer.
You closely miss the hornet.
Your tail-slap misses the hornet.
The hornet is almost dead.
You feel very sick. The hornet stings you!
* * * LOW HITPOINT WARNING * * *
You are more poisoned.
You feel as though you will be slow longer.
You slice the hornet!!
You feel the power of Trog in you as your rage grows.
You kill the hornet!
Trog accepts your kill.
* * * LOW HITPOINT WARNING * * *
You feel very sick.
Your Fighting skill increases to level 4!
You are too berserk!
You are too berserk!
There is a lethal amount of poison in your body!
* * * LOW HITPOINT WARNING * * *
You feel very sick.
Unknown command.
You feel a strong urge to attack something.
You die...

###.#.#####........###
##....... ## ...
#.........####...##.##
.. ...
+.........†...........
##
#.........###....#....
##.......## #.#.#.....
##.....## #.###.....
##...## #.# #.###.
##'## #.# #.# . #@#
#.. .. #.# ### ...
#.... .....# ##....#
##.#.# ###.#


There were no monsters in sight!

Vanquished Creatures
  A boulder beetle (D:6)
  A hornet (D:7)
  Grinder (D:3)
  Sigmund (D:3)
  A steam dragon (D:6)
  Duvessa (D:4)
  A water moccasin (D:6)
  2 sky beasts
  2 orc warriors (D:6)
  A black bear (D:6)
  An ogre (D:7)
  A centaur (D:7)
  A phantom (D:5)
  A bullfrog (D:7)
  Dowan (D:4)
  5 scorpions
  3 wights (D:6)
  3 howler monkeys
  3 bullfrog zombies (D:6)
  2 gnoll shamans
  3 orc priests
  4 iguanas
  5 orc wizards
  A killer bee zombie (D:6)
  A hound zombie (D:5)
  A hound skeleton (D:4)
  Robin (D:3)
  4 adders
  11 gnolls
  2 howler monkey skeletons
  A shadow imp (D:3)
  A white imp (D:3)
  An ufetubus (D:3)
  3 worms (D:2)
  3 dart slugs
  14 orcs
  5 endoplasms
  11 hobgoblins
  5 kobolds
  3 quokkas
  7 ball pythons
  4 bats
  2 frilled lizards
  15 goblins
  2 rats
143 creatures vanquished.

Vanquished Creatures (others)
  A plant (D:7)
1 creature vanquished.

Grand Total: 144 creatures vanquished

Notes
Turn   | Place    | Note
-------+----------+-------------------------------------------
     0 | D:1      | Kinoniko the Palentonga Berserker began the quest for the
                  | Orb.
     0 | D:1      | Reached XP level 1. HP: 19/19 MP: 1/1
     2 | D:1      | Noticed a vampire
     4 | D:1      | Noticed a demigod
     6 | D:1      | Noticed a palentonga
     6 | D:1      | Noticed a felid
     8 | D:1      | Noticed a spriggan
    10 | D:1      | Noticed a troll
    10 | D:1      | Noticed a naga
    12 | D:1      | Noticed a merfolk
    12 | D:1      | Noticed an ogre
    14 | D:1      | Noticed a djinni
    14 | D:1      | Noticed a dwarf
    16 | D:1      | Noticed a tengu
    16 | D:1      | Noticed a barachi
    18 | D:1      | Noticed an elf
    18 | D:1      | Noticed a ghoul
    20 | D:1      | Noticed an octopode
    20 | D:1      | Noticed a gargoyle
    22 | D:1      | Noticed a human
    22 | D:1      | Noticed a formicid
    24 | D:1      | Noticed a vine stalker
    24 | D:1      | Noticed a draconian
    26 | D:1      | Noticed a minotaur
    26 | D:1      | Noticed a demonspawn
   147 | D:1      | Found a faded altar of an unknown god.
   745 | D:2      | Reached XP level 2. HP: 13/25 MP: 2/2
  1005 | D:2      | Reached skill level 4 in Axes
  1133 | D:2      | Reached XP level 3. HP: 17/31 MP: 3/3
  1394 | D:2      | Reached ** piety under Trog
  2018 | D:3      | Noticed Sigmund
  2026 | D:3      | Killed Sigmund
  2027 | D:3      | Reached skill level 6 in Axes
  2027 | D:3      | Reached XP level 4. HP: 37/37 MP: 4/4
  2027 | D:3      | Reached XP level 5. HP: 43/43 MP: 5/5
  2152 | D:3      | Reached XP level 6. HP: 50/50 MP: 6/6
  2159 | D:3      | Reached skill level 7 in Axes
  2171 | D:3      | Noticed Robin
  2188 | D:3      | Killed Robin
  2509 | D:3      | Noticed Grinder
  2513 | D:3      | Paralysed by Grinder for 4 turns
  2521 | D:3      | Killed Grinder
  2522 | D:3      | Reached skill level 8 in Axes
  2522 | D:3      | Gained mutation: You curl defensively after being hit.
                  | [Palentonga growth]
  2522 | D:3      | Reached XP level 7. HP: 55/55 MP: 7/7
  2804 | D:3      | Identified a scroll of acquirement
  2808 | D:3      | Acquired the +8 Wrath of Trog {antimagic, *Rage Rampage}
  2809 | D:3      | Found the +8 Wrath of Trog {antimagic, *Rage Rampage}
  3006 | D:4      | Found a staircase to the Ecumenical Temple.
  3173 | D:4      | Reached *** piety under Trog
  3481 | D:4      | Noticed Duvessa
  3482 | D:4      | Noticed Dowan
  3488 | D:4      | Killed Duvessa
  3489 | D:4      | Reached skill level 9 in Axes
  3494 | D:4      | Killed Dowan
  3740 | D:4      | Found Baismug's Assorted Antiques.
  4090 | D:5      | Entered Level 5 of the Dungeon
  4415 | D:5      | Reached XP level 8. HP: 62/62 MP: 2/8
  4538 | D:5      | Reached skill level 10 in Axes
  4875 | D:5      | Identified the +1 robe "Suolueli" {Fly rC- rN+ Int+2}
  5148 | D:6      | Reached skill level 11 in Axes
  5318 | D:6      | Acquired the ring of Midwinter {rElec rCorr MP+9 Dex+4}
  5488 | D:6      | Noticed a boulder beetle
  5935 | D:6      | Reached skill level 12 in Axes
  5935 | D:6      | Reached XP level 9. HP: 67/67 MP: 6/9
  6419 | D:6      | Killed a boulder beetle
  6420 | D:6      | Reached skill level 13 in Axes
  6594 | D:6      | Found a shadowy altar of Dithmenos.
  6594 | D:6      | Found an iron altar of Okawaru.
  6767 | D:7      | Reached **** piety under Trog
  6971 | D:7      | Paralysed by a hornet for 1 turns
  6976 | D:7      | HP: 3/103 [poisoned by a hornet]
  6977 | D:7      | Succumbed to a hornet's poison

Illustrated notes

Levels and vault maps discovered:
D:1:      kb_arrival_jail, layout_loops_ring, basic_ecumenical_altar,
          kennysheep_doodads
D:2:      layout_basic
D:3:      layout_loops_ring, uniq_sigmund, uniq_grinder, uniq_robin
D:4:      layout_loops_corners, minmay_temple_entry_overgrown, serial_shops,
          nicolae_shop_window_shopping, minivault_24, uniq_duvessa
D:5:      layout_loops_cross, minmay_a_box_with_orc_wizards_in_it
D:6:      layout_basic, gammafunk_temple_overflow_elements,
          hangedman_minor_gate_pass
D:7:      corexii_shack_village, layout_loops_corners,
          mainiacjoe_overflow_tiny_flanked, dk_vineyard_2, grunt_decor_junction

Skill      XL: |  1  2  3  4  5  6  7  8  9 |
---------------+----------------------------+-----
Axes           | 4 6 8 9 12 13 | 13.7
Fighting       | 4 |  4.1
Armour         | |  1.5
Dodging        | |  1.5

Action                   |  1- 3 |  4- 6 |  7- 9 || total
-------------------------+-------+-------+-------++-------
Melee: Hand axe          |    80 |    67 |     4 ||   151
       Tailslap          |    13 |     6 |    18 ||    37
       Battleaxe         |       |       |   169 ||   169
Invok: Berserk           |     3 |     2 |     2 ||     7
 Abil: Rolling Charge    |       |       |     2 ||     2
  Use: Scroll            |       |       |    17 ||    17
Armor: Ring mail         |    52 |    28 |    42 ||   122
       Animal skin       |     1 |       |       ||     1
       Chain mail        |       |       |     4 ||     4
Dodge: Dodged            |    44 |    27 |    56 ||   127

Table legend: (Time is in decaauts)
 A = Elapsed time spent in this place.
 B = Non-inter-level travel time spent in this place.
 C = Inter-level travel time spent in this place.
 D = Time resting spent in this place.
 E = Time spent auto-exploring this place.
 F = Levels seen in this place.
 G = Mean time per level.
                   A        B        C        D        E       F      G
               +--------+--------+--------+--------+--------+-----+--------+
         Total |   7345 |   7174 |    171 |   2502 |   3906 |   7 | 1049.3 |
       Dungeon |   7345 |   7174 |    171 |   2502 |   3906 |   7 | 1049.3 |
               +--------+--------+--------+--------+--------+-----+--------+

Top non-repeatable levels by time:
     D:6: 1585 daAuts
     D:3: 1317 daAuts
     D:4: 1314 daAuts
     D:5: 1134 daAuts
     D:2: 870 daAuts
     D:1: 732 daAuts
     D:7: 390 daAuts
